 Dungeon Crawl Stone Soup version 0.25.0-9-g26727b657a (webtiles) character file.

Game seed: 14667195819842489914

21 Descartes the Grasshopper (level 2, -4/13 HPs)
             Began as a Felid Warper on June 19, 2020.
             Slain by a worm (12 damage)
             ... on level 2 of the Dungeon.
             The game lasted 00:01:30 (1355 turns).

Descartes the Grasshopper (Felid Warper)            Turns: 1355, Time: 00:01:31

Health: -4/13      AC:  1    Str:  7    XL:     2   Next: 62%
Magic:  6/6        EV: 18    Int: 14    God:
Gold:   43         SH:  0    Dex: 15    Spells: 5/5 levels left
                                        Lives:  0   Deaths: 0

rFire    . . .     SeeInvis +     - Unarmed
rCold    . . .     Gourm    .   (shield unavailable)
rNeg     . . .     Faith    .   (armour unavailable)
rPois    .         Spirit   .   (helmet unavailable)
rElec    .         Reflect  .   (cloak unavailable)
rCorr    .         Harm     .   (gloves unavailable)
MR       .....                  (boots unavailable)
Stlth    ++........             (no amulet)
HPRegen  0.04/turn              (no ring)
MPRegen  0.10/turn              (no ring)

@: quick
A: very small, no armour, no weapons or thrown items, stealth, claws 1, fangs 3,
see invisible, carnivore, speed 1, shaggy fur 1, slow metabolism 1, sharp paws
a: no special abilities


You were on level 2 of the Dungeon.
You were very full.

You visited 1 branch of the dungeon, and saw 2 of its levels.

You collected 43 gold pieces.

Inventory:

Missiles
 a - 85 stones
 g - 82 arrows
Jewellery
 e - an uncursed ring of flight {unknown}
Scrolls
 b - a scroll of blinking
 h - 3 scrolls of identify {unknown}
 i - a scroll of random uselessness {unknown}
 j - a scroll of enchant weapon {unknown}
 k - a scroll of magic mapping {unknown}
Potions
 d - 2 potions of haste {unknown}
 f - a potion of magic {unknown}
Comestibles
 c - 4 rations


   Skills:
 + Level 2.1 Fighting
 + Level 3.3 Dodging
 * Level 1.9 Stealth
 * Level 2.4 Unarmed Combat
 + Level 2.1 Spellcasting
   Level 4.4 Translocations


You had 5 spell levels left.
You didn't know any spells.
Your spell library contained the following spells:

 Spells                   Type           Power        Failure   Level  Hunger
 Blink                    Tloc           N/A          6%          2    ###....
 Gell's Gravitas          Tloc           ##........   12%         3    ####...
 Lesser Beckoning         Tloc           ##........   12%         3    ####...
 Teleport Other           Tloc           ##......     12%         3    ####...
 Shroud of Golubria       Chrm/Tloc      #.....       14%         2    ###....
 Passage of Golubria      Tloc           N/A          36%         4    #####..


Dungeon Overview and Level Annotations

Branches:
Dungeon (2/15)

Altars:
Wu Jian


Innate Abilities, Weirdness & Mutations

You cannot wear armour.
You are incapable of wielding weapons or throwing items.
Your paws allow you to move quietly. (Stealth)
You have sharp claws.
You have razor-sharp teeth.
You have supernaturally acute eyesight. (SInv)
You are carnivorous and can eat meat at any time.
You cover ground quickly.
You are covered in fur. (AC +1)
You have a slow metabolism.
Your sharp claws are effective at attacking unaware monsters.


Message History

There isn't anything to butcher here.
You scratch the worm but do no damage. Your bite misses the worm.
The worm closely misses you.
You scratch the worm.
The worm is moderately wounded.
You barely miss the worm.
The worm is moderately wounded.
The worm misses you.
You barely miss the worm.
The worm is moderately wounded.
You barely miss the worm.
The worm is moderately wounded.
The worm bites you.
You scratch the worm.
The worm is heavily wounded.
You scratch the worm.
The worm is severely wounded.
The worm bites you!
Ouch! That really hurt!
You die...

..........# .........
.....#..# ####.##
.......# #.....#
#....#.# #.##..# #......
#.##... #.w.# #.#...###
#.@.######.#.#...
#..........#.#.####
#####....####.....[...#
...........)....#.#.##.#
.........)......#.#.....
................#.######
######....####.##.##
#..... ..##..#
#...#########.#


You could see a worm.

Vanquished Creatures
  A leopard gecko (D:1)
  2 giant cockroaches
  2 goblins
  2 hobgoblins
  3 kobolds
  4 bats (D:1)
  3 frilled lizards
17 creatures vanquished.

Notes
Turn   | Place    | Note
-------+----------+-------------------------------------------
     0 | D:1      | Descartes the Felid Warper began the quest for the Orb.
     0 | D:1      | Reached XP level 1. HP: 9/9 MP: 4/4
   279 | D:1      | Reached skill level 1 in Stealth
   535 | D:1      | Reached XP level 2. HP: 13/13 MP: 6/6
  1142 | D:2      | Found an ornate altar of the Wu Jian Council.
  1355 | D:2      | Slain by a worm

Illustrated notes

Levels and vault maps discovered:
D:1:      scummos_arrival_simple_fountains, layout_basic, minivault_25
D:2:      layout_loops_cross, marbit_many_paths

Skill      XL: |  1 |
---------------+----+-----
Stealth        | 1 |  1.9
Fighting       | |  2.1
Dodging        | |  3.3
Unarmed Combat | |  2.4
Spellcasting   | |  2.1
Translocations | |  4.4

Action                   || total
-------------------------++-------
Melee: Unarmed           ||    75
       Bite              ||     3
 Stab: Sleeping          ||     2
  Eat: Chunk             ||     7
Armor: Skin              ||     1
Dodge: Dodged            ||    68
